[Event "Manhem Chess Week-Elo 2019"]
[Site "Moelnlycke"]
[Date "2019.08.15"]
[Round "6.7"]
[White "Peterson, Rolf"]
[Black "Johansson, Eva"]
[Result "0-1"]
[ECO "D02"]
[WhiteElo "1580"]
[BlackElo "1869"]
[Annotator "NA"]
[PlyCount "116"]
[EventDate "2019.08.10"]
[EventType "tourn"]
[EventCountry "SWE"]
[SourceTitle "playchess.com"]
[Source "ChessBase"]
[SourceQuality "1"]
[TimeControl "40/5400+30:1800+30"]

1. d4 d5 2. Bf4 Nf6 3. Nf3 e6 4. e3 Be7 5. Nbd2 O-O 6. Bd3 Nbd7 7. c4 c6 8. Bg3 b6 9. O-O Ba6 10. b3 Rc8 11. Qb1 g6 12. a3 Nh5 13. b4 Nxg3 14. fxg3 Bf6 15. Ra2 Bg7 16. c5 Bxd3 17. Qxd3 b5 18. Nb3 Qe7 19. Re2 f5 20. Nfd2 Nf6 21. Nf3 Ng4 22. h3 Nf6 23. Na5 Ne4 24. Kh2 Qc7 25. Ne5 Bxe5 26. dxe5 Qxe5 27. Rf3 h5 28. h4 Rf7 29. Nb3 Rg7 30. Nd4 g5 31. hxg5 Rxg5 32. Rf4 Rxg3 33. Nf3 Qg7 34. Qd4 Qxd4 35. exd4 Rg4 36. Rxg4+ hxg4 37. Ne5 Kg7 38. g3 Rc7 39. Kg2 Kf6 40. Re3 Kg5 41. Nd3 Kf6 42. Ne5 Ng5 43. Kf2 Nf7 44. Nd3 Re7 45. Ne5 Nxe5 46. Rxe5 a5 47. bxa5 Ra7 48. Re3 Rxa5 49. Kg2 Ra4 50. Rd3 e5 51. dxe5+ Kxe5 52. Kf2 d4 53. Ke2 Kd5 54. Kd2 Kxc5 55. Kc2 Kd5 56. Rb3 c5 57. Kd2 b4 58. axb4 Rxb4 0-1

[Event "Manhem Chess Week-Elo 2019"]
[Site "Moelnlycke"]
[Date "2019.08.15"]
[Round "6.8"]
[White "Berg, Roy"]
[Black "Hattab, Hashim"]
[Result "1-0"]
[ECO "E69"]
[WhiteElo "1913"]
[BlackElo "1868"]
[Annotator "NA"]
[PlyCount "249"]
[EventDate "2019.08.10"]
[EventType "tourn"]
[EventCountry "SWE"]
[SourceTitle "playchess.com"]
[Source "ChessBase"]
[SourceQuality "1"]
[TimeControl "40/5400+30:1800+30"]

1. d4 Nf6 2. Nf3 g6 3. c4 Bg7 4. g3 O-O 5. Nc3 d6 6. Bg2 Nbd7 7. O-O c6 8. e4 e5 9. d5 Qb6 10. h3 Nc5 11. Qe2 cxd5 12. cxd5 Bd7 13. Be3 a5 14. Rfc1 Rfc8 15. Ne1 Qd8 16. b3 Qe8 17. Rab1 b5 18. b4 axb4 19. Rxb4 Ra5 20. Nd3 Bf8 21. f3 h5 22. g4 hxg4 23. hxg4 Rca8 24. Nb2 Be7 25. Bf1 Nh7 26. Nbd1 Nf8 27. Rc2 g5 28. Qh2 Ng6 29. Rcb2 Kg7 30. Qh5 Nh4 31. Kf2 Qh8 32. Qxh8+ Kxh8 33. Be2 Ng6 34. Kf1 Nf4 35. Bxb5 Bxb5+ 36. Rxb5 Kg7 37. Rxa5 Rxa5 38. Rb5 Ra3 39. Bc1 Ra8 40. Nb2 Rh8 41. Bxf4 exf4 42. Kg2 Bf6 43. Ne2 Rc8 44. Rb6 Nd7 45. Rb7 Rc2 46. Na4 Rxe2+ 47. Kf1 Rxa2 48. Rxd7 Rxa4 49. Rxd6 Be5 50. Rc6 Rd4 51. Ke2 Kf8 52. Ra6 Ke7 53. Ra7+ Ke8 54. Ra8+ Kd7 55. Ra7+ Bc7 56. Ra2 Kd6 57. Ra7 Rb4 58. e5+ Kxe5 59. Rxc7 Rb2+ 60. Kf1 f6 61. Rd7 Rb3 62. Kf2 Rb2+ 63. Kf1 Kd4 64. Re7 Kxd5 65. Re4 Rb3 66. Kf2 Rb2+ 67. Kf1 Rd2 68. Re8 Kd4 69. Re4+ Kd3 70. Re6 Ra2 71. Re8 Ra5 72. Kf2 Ra2+ 73. Kf1 Rh2 74. Re6 Kd2 75. Re8 Rh7 76. Kf2 Rf7 77. Rd8+ Kc3 78. Re8 Kd4 79. Re4+ Kd5 80. Ra4 Re7 81. Ra6 Re6 82. Ra5+ Kd6 83. Ra7 Re3 84. Rf7 Ke6 85. Rg7 Rc3 86. Ra7 Rc2+ 87. Kf1 Ke5 88. Re7+ Kd6 89. Ra7 Rc5 90. Ra6+ Ke5 91. Ra8 Kd4 92. Re8 Re5 93. Rd8+ Ke3 94. Kg2 f5 95. gxf5 Rxf5 96. Re8+ Kd4 97. Re4+ Kd3 98. Kh3 g4+ 99. Kxg4 Rf8 100. Kg5 Rf7 101. Re8 Kd4 102. Kg6 Ra7 103. Re4+ Kd5 104. Rxf4 Ra6+ 105. Rf6 Ra1 106. Kf5 Rh1 107. f4 Rg1 108. Re6 Rg8 109. Re1 Kd6 110. Re6+ Kd5 111. Rg6 Rf8+ 112. Rf6 Rg8 113. Rf7 Kd6 114. Kf6 Rg4 115. f5 Rh4 116. Ra7 Rg4 117. Ra6+ Kd7 118. Re6 Rf4 119. Re1 Rg4 120. Kf7 Kd6 121. f6 Rg2 122. Kf8 Rg5 123. f7 Kd7 124. Rd1+ Ke6 125. Ke8 1-0

[Event "Manhem Chess Week-Elo 2019"]
[Site "Moelnlycke"]
[Date "2019.08.16"]
[Round "7.2"]
[White "Berggren Torell, Harald"]
[Black "Fransson, Lennart"]
[Result "1/2-1/2"]
[ECO "B19"]
[WhiteElo "2137"]
[BlackElo "2014"]
[Annotator "ChessBase"]
[PlyCount "31"]
[EventDate "2019.08.10"]
[EventType "tourn"]
[EventCountry "SWE"]
[SourceTitle "playchess.com"]
[Source "ChessBase"]
[SourceQuality "1"]
[TimeControl "40/5400+30:1800+30"]

1. e4 c6 2. d4 d5 3. Nd2 dxe4 4. Nxe4 Bf5 5. Ng3 Bg6 6. h4 h6 7. Nf3 Nd7 8. h5 Bh7 9. Bd3 Bxd3 10. Qxd3 Qc7 11. Bd2 e6 12. O-O-O O-O-O 13. c4 Ngf6 14. Bc3 Kb8 15. Kb1 Bd6 16. Ne4 1/2-1/2

[Event "Manhem Chess Week-Elo 2019"]
[Site "Moelnlycke"]
[Date "2019.08.16"]
[Round "7.3"]
[White "Moller, Mikael"]
[Black "Olsson, William"]
[Result "1-0"]
[ECO "A03"]
[WhiteElo "1957"]
[BlackElo "2113"]
[Annotator "ChessBase"]
[PlyCount "85"]
[EventDate "2019.08.10"]
[EventType "tourn"]
[EventCountry "SWE"]
[SourceTitle "playchess.com"]
[Source "ChessBase"]
[SourceQuality "1"]
[TimeControl "40/5400+30:1800+30"]

1. f4 d5 2. Nf3 c5 3. e3 Nc6 4. Be2 Nf6 5. O-O g6 6. Ne5 a6 7. Nxc6 bxc6 8. d3 Bg7 9. Bf3 Qb6 10. Nc3 Nd7 11. Na4 Qa7 12. c4 Bb7 13. e4 Rd8 14. Qe1 Nb6 15. Nxb6 Qxb6 16. Rb1 O-O 17. Bd2 Rde8 18. Ba5 Qa7 19. Bc3 d4 20. Bd2 e6 21. Qh4 f5 22. g4 Kh8 23. Kh1 Bc8 24. gxf5 exf5 25. e5 Qc7 26. Rg1 Kg8 27. Rg2 Be6 28. Rbg1 Rf7 29. Qe1 Qb7 30. b3 Ra8 31. Ba5 Rc8 32. h4 Kh8 33. h5 Bh6 34. Bd2 Qe7 35. hxg6 hxg6 36. Rxg6 Rh7 37. Kg2 Bf7 38. Rxc6 Rxc6 39. Bxc6 Bh5 40. Kf1 Bg4 41. Rh1 Qe6 42. Bd5 Qg6 43. Qh4 1-0

[Event "Manhem Chess Week-Elo 2019"]
[Site "Moelnlycke"]
[Date "2019.08.16"]
[Round "7.5"]
[White "Hattab, Hashim"]
[Black "Bohlin, Jan"]
[Result "1/2-1/2"]
[ECO "E29"]
[WhiteElo "1868"]
[BlackElo "1724"]
[Annotator "NA"]
[PlyCount "96"]
[EventDate "2019.08.10"]
[EventType "tourn"]
[EventCountry "SWE"]
[SourceTitle "playchess.com"]
[Source "ChessBase"]
[SourceQuality "1"]
[TimeControl "40/5400+30:1800+30"]

1. d4 Nf6 2. c4 e6 3. Nc3 Bb4 4. e3 O-O 5. Bd3 c5 6. a3 Bxc3+ 7. bxc3 Nc6 8. Ne2 b6 9. e4 Ne8 10. Be3 d6 11. f4 {[%emt 0:00:00] E29: Nimzo-Indian: Sämisch: 5...0-0 6 e3 c5 7 Bd3 Nc6} (11. O-O Na5 12. Ng3 Ba6 13. Qe2 Qd7 14. f4 Rc8 15. Rac1 f6 16. d5 Nc7 17. e5 f5 18. Rcd1 Rcd8 19. Bf2 g6 20. Rfe1 Rfe8 {½-½ (29) Toth,E (2426)-Vetoshko,V (2511) Slovakia 2018}) 11... f5 12. Ng3 Qh4 13. exf5 $146 ({Predecessor:} 13. O-O Nf6 14. Kh1 Ng4 15. Bg1 cxd4 16. exf5 Rf6 17. Be2 exf5 18. cxd4 {0-1 (32) Rubio Aguado,F-Cuellar Gacharna,M Mar del Plata 1957}) 13... exf5 14. d5 Na5 15. O-O g6 16. Bf2 Qd8 17. Re1 Ba6 18. Qa4 Ng7 ({Better is} 18... Nf6 $17 19. Rad1 Qd7 20. Qxd7 Nxd7) 19. Re2 Rf7 20. Rae1 Qd7 21. Qc2 Bxc4 22. Bxc4 Nxc4 23. a4 a6 24. Nf1 (24. Qa2 $15 b5 25. axb5) 24... b5 25. Bh4 $17 Re8 26. Rxe8+ Nxe8 27. axb5 axb5 28. Qa2 Nf6 29. Ng3 Kg7 30. Qa8 Nb6 31. Bxf6+ Rxf6 32. Qb8 Nxd5 33. Re8 Rf7 34. h4 Nf6 35. Re1 Rf8 36. Qb6 Nd5 37. Qa5 Nxf4 38. Nf1 Re8 39. Rxe8 Qxe8 40. Qc7+ Qf7 41. Qxd6 Ne2+ 42. Kh2 Nxc3 43. Qxc5 Ne4 44. Qxb5 Qc7+ 45. Kg1 Qc5+ 46. Qxc5 Nxc5 47. g3 Ne4 48. Kg2 Kf6 1/2-1/2

[Event "Manhem Chess Week-Elo 2019"]
[Site "Moelnlycke"]
[Date "2019.08.16"]
[Round "7.6"]
[White "Johansson, Eva"]
[Black "Degerfeldt, Sven"]
[Result "0-1"]
[ECO "E01"]
[WhiteElo "1869"]
[BlackElo "1918"]
[Annotator "NA"]
[PlyCount "75"]
[EventDate "2019.08.10"]
[EventType "tourn"]
[EventCountry "SWE"]
[SourceTitle "playchess.com"]
[Source "ChessBase"]
[SourceQuality "1"]
[TimeControl "40/5400+30:1800+30"]

1. d4 d5 2. c4 e6 3. Nf3 a6 4. Qc2 Nf6 5. g3 c6 6. Bg2 Nbd7 7. O-O Bd6 8. Nbd2 O-O 9. e4 Nxe4 10. Nxe4 dxe4 11. Qxe4 Re8 {[%emt 0:09:35] E01: Catalan: Early deviations} 12. Bg5 $146 ({Predecessor:} 12. Bf4 Nf6 13. Qe3 Bxf4 14. Qxf4 Qb6 15. b3 c5 16. dxc5 Qxc5 17. Ne5 a5 18. Rfe1 a4 19. Nd3 {1-0 (37) Banusz,T (2583)-Eltigani,O (2295) Hungary 2013}) 12... f6 13. Be3 Qe7 14. Rfd1 Qf7 15. Qc2 Qf8 16. Nd2 f5 17. f4 Nf6 18. h3 Kh8 19. Nb3 Qf7 20. Bf2 h6 21. Re1 Rg8 22. Qc3 Rb8 23. Rad1 Bd7 24. Nc5 $16 Bxc5 25. dxc5 Rbe8 26. Qe5 Bc8 27. Rd6 Kh7 28. Kh2 Ref8 29. Bf3 g5 30. Bg2 Rg6 31. Rd3 Rfg8 32. Rg1 R6g7 33. Bd4 Rg6 34. fxg5 hxg5 35. Bf3 Rh6 36. g4 Qg6 37. Qe2 Nxg4+ 38. Rxg4 0-1

[Event "Manhem Chess Week-Elo 2019"]
[Site "Moelnlycke"]
[Date "2019.08.16"]
[Round "7.7"]
[White "Jacobsson, Lennart"]
[Black "Berg, Roy"]
[Result "1/2-1/2"]
[ECO "B13"]
[WhiteElo "1754"]
[BlackElo "1913"]
[Annotator "NA"]
[PlyCount "71"]
[EventDate "2019.08.10"]
[EventType "tourn"]
[EventCountry "SWE"]
[SourceTitle "playchess.com"]
[Source "ChessBase"]
[SourceQuality "1"]
[TimeControl "40/5400+30:1800+30"]

1. e4 c6 2. d4 d5 3. exd5 cxd5 4. Bd3 Nc6 5. c3 Nf6 6. Bf4 Bg4 7. Qb3 Qd7 8. Nd2 e6 9. Ngf3 Bxf3 10. Nxf3 Bd6 11. Ne5 {[%emt 0:09:34] B13: Caro-Kann: Exchange Variation and Panov-Botvinnik Attack} (11. Bxd6 Qxd6 12. Qxb7 Rb8 13. Qa6 O-O 14. Bb5 Rb6 15. Qa4 Rfb8 16. Bxc6 Rxc6 17. Ne5 Rcb6 18. Nd3 Ne4 19. O-O Nd2 {0-1 (38) Vidit,S (2711)-Shimanov,A (2626) chess.com INT 2018}) 11... Qc7 12. Nxc6 bxc6 13. Bxd6 $146 ({Predecessor:} 13. Bg5 Nd7 14. Qc2 h6 15. Be3 O-O 16. h3 e5 17. dxe5 Nxe5 18. O-O Rab8 {0-1 (37) Tanishka,K (1219)-Sabzi,T Caldas Novas 2011}) 13... Qxd6 14. O-O O-O 15. Rfe1 c5 16. dxc5 Qxc5 17. Qc2 Qd6 18. Qe2 Rab8 19. Rab1 Rb6 20. Qe5 Qxe5 21. Rxe5 Rfb8 22. Re2 Nd7 23. Rc2 Kf8 24. Be2 Ne5 25. b3 Rc8 $11 26. f4 Nc4 27. Rbc1 Na3 28. Rd2 Rbc6 29. Rd3 Nb5 30. c4 Ke7 31. Rh3 h6 32. Rd1 Nc7 33. Rhd3 Kf6 34. Bf3 Ra6 35. R3d2 Ra3 36. Rc1 1/2-1/2